| TOP OF THE 1ST |
|
Minnesota (NYP) Twins batting - Pitching for Vancouver Canadians : RHP Hanskarl Miller
|
|
Pitching: RHP Hanskarl Miller
|
|
|
Batting: LHB Chris Munguia
|
0-0: Hit by Pitch
|
|
Batting: RHB Tony Crespo
|
0-0: Swinging Strike 0-1: Swinging Strike 0-2: Ball 1-2: Strikes out swinging
|
|
Batting: RHB Miguel Diaz
|
0-0: Ball Passed Ball! Chris Munguia to second 1-0: Foul Ball, location: 2F 1-1: Called Strike 1-2: Strikes out swinging
|
|
Batting: RHB Jose Nunez
|
0-0: Ball 1-0: Foul Ball, location: 2F 1-1: Foul Ball, location: 2F 1-2: Foul Ball, location: 2F 1-2: SINGLE (Groundball, 6MD, EV 93.8 MPH) Chris Munguia to third Runner from 3rd tries for Home, throw by CF and OUT! 8-2
|
| Top of the 1st over - 0 runs, 1 hit, 0 errors, 1 left on base; Minnesota (NYP) 0 - Vancouver 0 |
| BOTTOM OF THE 1ST |
|
Vancouver Canadians batting - Pitching for Minnesota (NYP) Twins : RHP Dean Huch
|
|
Pitching: RHP Dean Huch
|
|
|
Batting: LHB Tatsuyuki Yamada
|
0-0: SOLO HOME RUN (Flyball, 9D, EV 96.9 MPH), Distance : 381 ft
|
|
Batting: LHB Sumiki Okuhara
|
0-0: Ground out 4-3 (Groundball, 4, EV 86.9 MPH)
|
|
Batting: RHB Andy Bridger
|
0-0: Called Strike 0-1: SINGLE (Flyball, 78S, EV 95.0 MPH)
|
|
Batting: RHB Reed Ryan
|
0-0: Ball Andy Bridger steals 2nd base 1-0: Foul Ball, location: 2F 1-1: Fly out, F1 (Line Drive, P, EV 74.4 MPH)
|
|
Batting: RHB Elliot Manfredini
|
0-0: Called Strike 0-1: Ball 1-1: Ball 2-1: Foul Ball, location: 2F 2-2: Fly out, F8 (Flyball, 8RD, EV 83.8 MPH)
|
| Bottom of the 1st over - 1 run, 2 hits, 0 errors, 1 left on base; Minnesota (NYP) 0 - Vancouver 1 |
| TOP OF THE 2ND |
|
Minnesota (NYP) Twins batting - Pitching for Vancouver Canadians : RHP Hanskarl Miller
|
|
Batting: RHB Michael McDonald
|
0-0: Called Strike 0-1: Ball 1-1: Called Strike 1-2: Foul Ball, location: 2F 1-2: Strikes out swinging
|
|
Batting: RHB Sean Gould
|
0-0: Called Strike 0-1: Foul Ball, location: 2F 0-2: Strikes out swinging
|
|
Batting: RHB Graham Calvert
|
0-0: Ball 1-0: Ball 2-0: Foul Ball, location: 2F 2-1: Foul Ball, location: 2F 2-2: SINGLE (Groundball, 34D, EV 95.0 MPH)
|
|
Batting: SHB Donell Burney
|
0-0: Called Strike 0-1: Ball 1-1: Foul Ball, location: 2F 1-2: Fly out, F9 (Flyball, 9D, EV 92.5 MPH)
|
| Top of the 2nd over - 0 runs, 1 hit, 0 errors, 1 left on base; Minnesota (NYP) 0 - Vancouver 1 |
| BOTTOM OF THE 2ND |
|
Vancouver Canadians batting - Pitching for Minnesota (NYP) Twins : RHP Dean Huch
|
|
Batting: RHB Jim Rogers
|
0-0: SINGLE (Groundball, 56D, EV 100.6 MPH)
|
|
Batting: RHB Dan Hilyer
|
0-0: Called Strike Jim Rogers steals 2nd base 0-1: Foul Ball, location: 2F 0-2: Ball 1-2: Fly out, F7 (Flyball, 7S, EV 78.8 MPH)
|
|
Batting: LHB Julio Canseco
|
0-0: Ball Jim Rogers steals 3rd base 1-0: Ball Wild Pitch! Jim Rogers scores 2-0: DOUBLE (Line Drive, 8RXD, EV 105.6 MPH)
|
|
Batting: RHB Bryan Peterson
|
0-0: Called Strike Julio Canseco steals 3rd base 0-1: Ball 1-1: Ball 2-1: Swinging Strike 2-2: SINGLE (Line Drive, 6D, EV 103.8 MPH) Julio Canseco scores
|
|
Batting: LHB Tatsuyuki Yamada
|
0-0: Ball 1-0: Called Strike Bryan Peterson steals 2nd, throwing error, E2 Bryan Peterson to third 1-1: Swinging Strike 1-2: Ball 2-2: Strikes out swinging
|
|
Batting: LHB Sumiki Okuhara
|
0-0: Foul Ball, location: 2F 0-1: Ball 1-1: Foul Ball, location: 2F 1-2: Ball 2-2: Ball 3-2: DOUBLE (Line Drive, 9D, EV 90.6 MPH) Bryan Peterson scores
|
|
Batting: RHB Andy Bridger
|
0-0: Ball 1-0: Ball 2-0: Ground out 6-3 (Groundball, 6, EV 103.8 MPH)
|
| Bottom of the 2nd over - 3 runs, 4 hits, 1 error, 1 left on base; Minnesota (NYP) 0 - Vancouver 4 |
| TOP OF THE 3RD |
|
Minnesota (NYP) Twins batting - Pitching for Vancouver Canadians : RHP Hanskarl Miller
|
|
Batting: RHB Alex Loaiza
|
0-0: Called Strike 0-1: Ball 1-1: Foul Ball, location: 2F 1-2: Strikes out swinging
|
|
Batting: LHB Chris Munguia
|
0-0: Swinging Strike 0-1: Ball 1-1: Ball 2-1: Ball 3-1: Swinging Strike 3-2: Strikes out swinging
|
|
Batting: RHB Tony Crespo
|
0-0: Ball 1-0: Called Strike 1-1: Ball 2-1: Ball 3-1: Called Strike 3-2: Fly out, F7 (Flyball, 7, EV 89.4 MPH)
|
| Top of the 3rd over - 0 runs, 0 hits, 0 errors, 0 left on base; Minnesota (NYP) 0 - Vancouver 4 |
| BOTTOM OF THE 3RD |
|
Vancouver Canadians batting - Pitching for Minnesota (NYP) Twins : RHP Dean Huch
|
|
Batting: RHB Reed Ryan
|
0-0: Ball 1-0: Reached on error, E6 (Groundball, 6, EV 90.0 MPH)
|
|
Batting: RHB Elliot Manfredini
|
0-0: Foul Ball, location: 2F 0-1: Called Strike 0-2: Foul Ball, location: 2F 0-2: Ball 1-2: Ball 2-2: Ball 3-2: Ground out 6-3 (Groundball, 6, EV 101.2 MPH) Reed Ryan to second
|
|
Batting: RHB Jim Rogers
|
0-0: Ball 1-0: Ball 2-0: Called Strike 2-1: Ground out 5-3 (Groundball, 56S, EV 88.1 MPH)
|
|
Batting: RHB Dan Hilyer
|
0-0: Ground out 5-3 (Groundball, 56S, EV 81.9 MPH)
|
| Bottom of the 3rd over - 0 runs, 0 hits, 1 error, 1 left on base; Minnesota (NYP) 0 - Vancouver 4 |
| TOP OF THE 4TH |
|
Minnesota (NYP) Twins batting - Pitching for Vancouver Canadians : RHP Hanskarl Miller
|
|
Batting: RHB Miguel Diaz
|
0-0: Ball 1-0: Foul Ball, location: 2F 1-1: Swinging Strike 1-2: Strikes out swinging
|
|
Batting: RHB Jose Nunez
|
0-0: Ball 1-0: SINGLE (Groundball, 56D, EV 94.4 MPH)
|
|
Batting: RHB Michael McDonald
|
0-0: Ball 1-0: Fly out, F9 (Line Drive, 9, EV 92.5 MPH)
|
|
Batting: RHB Sean Gould
|
0-0: Called Strike 0-1: Swinging Strike 0-2: Ball 1-2: Foul Ball, location: 2F 1-2: Strikes out swinging
|
| Top of the 4th over - 0 runs, 1 hit, 0 errors, 1 left on base; Minnesota (NYP) 0 - Vancouver 4 |
| BOTTOM OF THE 4TH |
|
Vancouver Canadians batting - Pitching for Minnesota (NYP) Twins : RHP Dean Huch
|
|
Batting: LHB Julio Canseco
|
0-0: Ball 1-0: Foul Ball, location: 2F 1-1: SOLO HOME RUN (Flyball, 9D, EV 93.8 MPH), Distance : 374 ft
|
|
Batting: RHB Bryan Peterson
|
0-0: Ball 1-0: Foul Ball, location: 2F 1-1: Called Strike 1-2: Ground out 6-3 (Groundball, 6MD, EV 84.4 MPH)
|
|
Batting: LHB Tatsuyuki Yamada
|
0-0: Ball 1-0: Fly out, F8 (Flyball, 8LXD, EV 99.4 MPH)
|
|
Batting: LHB Sumiki Okuhara
|
0-0: DOUBLE (Line Drive, 7LD, EV 114.4 MPH)
|
|
Pitching: RHP Kevin Colgin
|
|
|
Batting: RHB Andy Bridger
|
0-0: Ball 1-0: Ball 2-0: Ball 3-0: Base on Balls
|
|
Batting: RHB Reed Ryan
|
0-0: SINGLE (Line Drive, 4D, EV 103.8 MPH) Sumiki Okuhara to third Andy Bridger to second
|
|
Batting: RHB Elliot Manfredini
|
0-0: Ball 1-0: Called Strike 1-1: GRAND SLAM HOME RUN (Flyball, 7D, EV 96.9 MPH), Distance : 388 ft
|
|
Batting: RHB Jim Rogers
|
0-0: Ball 1-0: Ball 2-0: Foul Ball, location: 2F 2-1: Foul Ball, location: 2F 2-2: DOUBLE (Line Drive, 89D, EV 111.9 MPH)
|
|
Batting: RHB Dan Hilyer
|
0-0: Ball 1-0: Foul Ball, location: 2F 1-1: 2-RUN HOME RUN (Flyball, 78XD, EV 101.9 MPH), Distance : 389 ft
|
|
Pitching: RHP Chris Starcher
|
|
|
Batting: LHB Julio Canseco
|
0-0: Ground out 4-3 (Groundball, 4, EV 78.8 MPH)
|
| Bottom of the 4th over - 7 runs, 6 hits, 0 errors, 0 left on base; Minnesota (NYP) 0 - Vancouver 11 |
| TOP OF THE 5TH |
|
Minnesota (NYP) Twins batting - Pitching for Vancouver Canadians : RHP Hanskarl Miller
|
|
Batting: RHB Graham Calvert
|
0-0: Ball 1-0: Ball 2-0: Ball 3-0: Base on Balls
|
|
Batting: SHB Donell Burney
|
0-0: Foul Ball, location: 2F 0-1: Foul Ball, location: 2F 0-2: Grounds into double play, 4-6-3 (Groundball, 4, EV 95.0 MPH)
|
|
Batting: RHB Alex Loaiza
|
0-0: Called Strike 0-1: Ball 1-1: Fly out, F8 (Flyball, 78S, EV 88.1 MPH)
|
| Top of the 5th over - 0 runs, 0 hits, 0 errors, 0 left on base; Minnesota (NYP) 0 - Vancouver 11 |
| BOTTOM OF THE 5TH |
|
Vancouver Canadians batting - Pitching for Minnesota (NYP) Twins : RHP Chris Starcher
|
|
Batting: RHB Bryan Peterson
|
0-0: Foul Ball, location: 2F 0-1: Ball 1-1: Ball 2-1: Foul Ball, location: 2F 2-2: Foul Ball, location: 2F 2-2: Ball 3-2: Base on Balls
|
|
Batting: LHB Tatsuyuki Yamada
|
0-0: Ball 1-0: Ball 2-0: Ball 3-0: Called Strike 3-1: Called Strike 3-2: Foul Ball, location: 2F 3-2: Strikes out looking
|
|
Batting: LHB Sumiki Okuhara
|
0-0: Called Strike 0-1: Foul Ball, location: 2F 0-2: Ball 1-2: Ball 2-2: Foul Ball, location: 2F 2-2: Ball 3-2: Foul Ball, location: 2F 3-2: SINGLE (Line Drive, 6D, EV 101.9 MPH) Bryan Peterson to second
|
|
Batting: RHB Andy Bridger
|
0-0: Called Strike 0-1: Ball 1-1: Ball 2-1: Foul Ball, location: 2F 2-2: Ball Wild Pitch! Bryan Peterson to third Sumiki Okuhara to second 3-2: 3-RUN HOME RUN (Flyball, 78XD, EV 105.0 MPH), Distance : 390 ft
|
|
Batting: RHB Reed Ryan
|
0-0: Foul Ball, location: 2F 0-1: Ball 1-1: Fly out, F9 (Flyball, 9, EV 85.0 MPH)
|
|
Batting: RHB Elliot Manfredini
|
0-0: Fly out, F7 (Line Drive, 7S, EV 96.2 MPH)
|
| Bottom of the 5th over - 3 runs, 2 hits, 0 errors, 0 left on base; Minnesota (NYP) 0 - Vancouver 14 |
| TOP OF THE 6TH |
|
Minnesota (NYP) Twins batting - Pitching for Vancouver Canadians : RHP Hanskarl Miller
|
|
Batting: LHB Chris Munguia
|
0-0: Called Strike 0-1: Swinging Strike 0-2: Strikes out looking
|
|
Batting: RHB Tony Crespo
|
0-0: Ball 1-0: Called Strike 1-1: Ball 2-1: Foul Ball, location: 2F 2-2: Foul Ball, location: 2F 2-2: Foul Ball, location: 2F 2-2: Foul Ball, location: 2F 2-2: Strikes out swinging
|
|
Batting: RHB Miguel Diaz
|
0-0: Ball 1-0: Ball 2-0: Foul Ball, location: 2F 2-1: Foul Ball, location: 2F 2-2: Strikes out swinging
|
| Top of the 6th over - 0 runs, 0 hits, 0 errors, 0 left on base; Minnesota (NYP) 0 - Vancouver 14 |
| BOTTOM OF THE 6TH |
|
Vancouver Canadians batting - Pitching for Minnesota (NYP) Twins : RHP Chris Starcher
|
|
Batting: RHB Jim Rogers
|
0-0: Called Strike 0-1: Ball 1-1: Ball 2-1: Ball 3-1: Base on Balls
|
|
Batting: RHB Dan Hilyer
|
0-0: Ball 1-0: DOUBLE (Groundball, 5L, EV 102.5 MPH) Jim Rogers to third Throwing error, E7 Jim Rogers scores Dan Hilyer to third
|
|
Pitching: RHP Ben Leiby
|
|
|
Batting: LHB Julio Canseco
|
0-0: Ball Wild Pitch! Dan Hilyer scores 1-0: Ball 2-0: Called Strike 2-1: Foul Ball, location: 2F 2-2: Ball 3-2: Fly out, F5 (Popup, 5S, EV 76.9 MPH)
|
|
Batting: RHB Bryan Peterson
|
0-0: Ball 1-0: Ball 2-0: Ball 3-0: Base on Balls
|
|
Batting: LHB Tatsuyuki Yamada
|
0-0: Ball 1-0: Ball 2-0: Ball 3-0: Base on Balls Bryan Peterson to second
|
|
Batting: LHB Sumiki Okuhara
|
0-0: Ball Wild Pitch! Bryan Peterson to third Tatsuyuki Yamada to second Balk! Bryan Peterson scores Tatsuyuki Yamada to third 1-0: Ball 2-0: Ball 3-0: Base on Balls
|
|
Batting: RHB Andy Bridger
|
0-0: Foul Ball, location: 2F 0-1: Foul Ball, location: 2F 0-2: Ball 1-2: DOUBLE (Groundball, 5L, EV 104.4 MPH) Tatsuyuki Yamada scores Sumiki Okuhara to third
|
|
Batting: RHB Reed Ryan
|
0-0: Fly out, F6 (Flyball, 56D, EV 91.9 MPH)
|
|
Batting: RHB Elliot Manfredini
|
0-0: Called Strike 0-1: Ground out 5-3 (Groundball, 56, EV 91.2 MPH)
|
| Bottom of the 6th over - 4 runs, 2 hits, 1 error, 2 left on base; Minnesota (NYP) 0 - Vancouver 18 |
| TOP OF THE 7TH |
|
Minnesota (NYP) Twins batting - Pitching for Vancouver Canadians : RHP Hanskarl Miller
|
|
Batting: RHB Jose Nunez
|
0-0: Foul Ball, location: 2F 0-1: Swinging Strike 0-2: Strikes out swinging
|
|
Batting: RHB Michael McDonald
|
0-0: Swinging Strike 0-1: Ball 1-1: DOUBLE (Line Drive, 8RD, EV 93.1 MPH)
|
|
Batting: RHB Sean Gould
|
0-0: Foul Ball, location: 2F 0-1: Foul Ball, location: 2F 0-2: Ball 1-2: SINGLE (Flyball, 8RS, EV 88.8 MPH) Michael McDonald to third Runner from 3rd tries for Home, SAFE, throw by CF to home
|
|
Pitching: RHP Alexis Martinez
|
|
|
Batting: RHB Graham Calvert
|
0-0: Foul Ball, location: 2F 0-1: Foul Ball, location: 2F 0-2: Foul Ball, location: 2F 0-2: Ball 1-2: Ball 2-2: Foul Ball, location: 2F 2-2: Foul Ball, location: 2F 2-2: Foul Ball, location: 2F 2-2: Strikes out swinging
|
|
Batting: SHB Donell Burney
|
0-0: Called Strike 0-1: Ball 1-1: Foul Ball, location: 2F 1-2: SINGLE (Groundball, 4MS, EV 70.0 MPH) (infield hit) Sean Gould to second
|
|
Batting: RHB Alex Loaiza
|
0-0: Swinging Strike 0-1: Ball 1-1: Ball 2-1: Foul Ball, location: 2F 2-2: Strikes out swinging
|
| Top of the 7th over - 1 run, 3 hits, 0 errors, 2 left on base; Minnesota (NYP) 1 - Vancouver 18 |
| BOTTOM OF THE 7TH |
|
Vancouver Canadians batting - Pitching for Minnesota (NYP) Twins : RHP Ben Leiby
|
|
Batting: RHB Jim Rogers
|
0-0: Ball 1-0: Foul Ball, location: 2F 1-1: Ball 2-1: Ball 3-1: Called Strike 3-2: Foul Ball, location: 2F 3-2: Base on Balls
|
|
Batting: RHB Dan Hilyer
|
0-0: Fielders Choice at 2nd, 6-4 (Groundball, 6, EV 89.4 MPH)
|
|
Batting: LHB Julio Canseco
|
0-0: Fly out, F8 (Flyball, 89D, EV 109.4 MPH)
|
|
Batting: RHB Bryan Peterson
|
0-0: Called Strike 0-1: Ball 1-1: Foul Ball, location: 2F 1-2: Ball 2-2: TRIPLE (Groundball, 3L, EV 106.2 MPH) Dan Hilyer scores
|
|
Batting: LHB Tatsuyuki Yamada
|
0-0: Ball 1-0: Ball 2-0: Ball 3-0: Called Strike 3-1: Base on Balls
|
|
Batting: LHB Sumiki Okuhara
|
0-0: Swinging Strike 0-1: Foul Ball, location: 2F 0-2: Ball 1-2: Ball 2-2: Ball 3-2: Foul Ball, location: 2F 3-2: Foul Ball, location: 2F 3-2: Ground out 3-1 (Groundball, 34, EV 96.9 MPH)
|
| Bottom of the 7th over - 1 run, 1 hit, 0 errors, 2 left on base; Minnesota (NYP) 1 - Vancouver 19 |
| TOP OF THE 8TH |
|
Minnesota (NYP) Twins batting - Pitching for Vancouver Canadians : RHP Alexis Martinez
|
|
Batting: LHB Chris Munguia
|
0-0: Called Strike 0-1: Ground out 4-3 (Groundball, 4, EV 83.8 MPH)
|
|
Batting: RHB Tony Crespo
|
0-0: Foul Ball, location: 2F 0-1: Ball 1-1: Ball 2-1: Foul Ball, location: 2F 2-2: Strikes out swinging
|
|
Batting: RHB Miguel Diaz
|
0-0: Ball 1-0: Ball 2-0: Ball 3-0: Called Strike 3-1: Called Strike 3-2: Foul Ball, location: 2F 3-2: Foul Ball, location: 2F 3-2: Strikes out looking
|
| Top of the 8th over - 0 runs, 0 hits, 0 errors, 0 left on base; Minnesota (NYP) 1 - Vancouver 19 |
| BOTTOM OF THE 8TH |
|
Vancouver Canadians batting - Pitching for Minnesota (NYP) Twins : RHP Ben Leiby
|
|
Pitching: RHP Mario Salazar
|
|
|
Batting: RHB Andy Bridger
|
0-0: Ball 1-0: Ball 2-0: Ball 3-0: Called Strike 3-1: Base on Balls
|
|
Batting: RHB Reed Ryan
|
0-0: Ball 1-0: Ball 2-0: Called Strike 2-1: Ball Wild Pitch! Andy Bridger to second 3-1: Foul Ball, location: 2F 3-2: Base on Balls
|
|
Batting: RHB Elliot Manfredini
|
Balk! Andy Bridger to third Reed Ryan to second 0-0: Called Strike 0-1: Hit by Pitch
|
|
Batting: RHB Jim Rogers
|
0-0: Foul Ball, location: 2F 0-1: Ball 1-1: Ball 2-1: Called Strike 2-2: SINGLE (Groundball, 34S, EV 71.2 MPH) (infield hit) Andy Bridger scores Reed Ryan to third Elliot Manfredini to second
|
|
Batting: RHB Dan Hilyer
|
0-0: Ball 1-0: Fly out, F8 (Flyball, 8RXD, EV 95.6 MPH) Runner from 3rd tags up, SCORES, no throw by CF Elliot Manfredini to third
|
|
Batting: LHB Julio Canseco
|
0-0: DOUBLE (Line Drive, 5D, EV 95.6 MPH) Elliot Manfredini scores Jim Rogers to third
|
|
Batting: RHB Bryan Peterson
|
0-0: Foul Ball, location: 2F 0-1: Called Strike 0-2: Ball 1-2: Foul Ball, location: 2F 1-2: Fly out, F8 (Flyball, 8LM, EV 77.5 MPH)
|
|
Batting: LHB Tatsuyuki Yamada
|
0-0: Ball 1-0: Called Strike 1-1: TRIPLE (Flyball, 9LD, EV 93.8 MPH) Jim Rogers scores Julio Canseco scores
|
|
Pitching: RHP Kelly Watson
|
|
|
Batting: LHB Sumiki Okuhara
|
0-0: Foul Ball, location: 2F 0-1: Foul Ball, location: 2F 0-2: Ball 1-2: Ball Balk! Tatsuyuki Yamada scores 2-2: SINGLE (Flyball, 9S, EV 96.2 MPH)
|
|
Batting: RHB Andy Bridger
|
0-0: Called Strike 0-1: SINGLE (Line Drive, 34, EV 98.1 MPH) Sumiki Okuhara to second
|
|
Batting: RHB Reed Ryan
|
0-0: Called Strike 0-1: Foul Ball, location: 2F 0-2: Ball 1-2: Ball 2-2: Foul Ball, location: 2F 2-2: Ball 3-2: DOUBLE (Line Drive, 9LM, EV 107.5 MPH) Sumiki Okuhara scores Andy Bridger to third Andy Bridger scores
|
|
Pinch Hitting: RHB Kyle Scruggs
|
0-0: Foul Ball, location: 2F 0-1: Ball 1-1: Called Strike 1-2: Ground out 4-3 (Groundball, 4, EV 83.1 MPH)
|
| Bottom of the 8th over - 8 runs, 6 hits, 0 errors, 1 left on base; Minnesota (NYP) 1 - Vancouver 27 |
| TOP OF THE 9TH |
|
Minnesota (NYP) Twins batting - Pitching for Vancouver Canadians : RHP Alexis Martinez
|
|
Now at 3B: Kyle Scruggs
|
|
|
Batting: RHB Jose Nunez
|
0-0: Called Strike 0-1: Ball 1-1: Ball 2-1: Ball 3-1: SINGLE (Line Drive, 56, EV 98.1 MPH)
|
|
Batting: RHB Michael McDonald
|
0-0: Ball 1-0: Fly out, F6 (Flyball, 6MD, EV 86.2 MPH)
|
|
Batting: RHB Sean Gould
|
0-0: Foul Ball, location: 2F 0-1: Ball Passed Ball! Jose Nunez to second 1-1: Ball 2-1: Fly out, F8 (Flyball, 78D, EV 85.6 MPH)
|
|
Batting: RHB Graham Calvert
|
0-0: Ball 1-0: Swinging Strike 1-1: DOUBLE (Line Drive, 9D, EV 100.6 MPH) Jose Nunez scores
|
|
Batting: SHB Donell Burney
|
0-0: Ball 1-0: Ground out 6-3 (Groundball, 6, EV 80.0 MPH)
|
| Top of the 9th over - 1 run, 2 hits, 0 errors, 1 left on base; Minnesota (NYP) 2 - Vancouver 27 |
|